[Event "MPL-4 Indian Chess Tour 2022"]
[Site "Chess24"]
[Date "2022.09.27"]
[Round "2.2"]
[White "Iniyan, P."]
[Black "Bharath Subramaniyam H"]
[Result "1/2-1/2"]
[ECO "D31"]
[WhiteElo "2556"]
[BlackElo "2495"]
[Annotator "TA"]
[PlyCount "138"]
[EventDate "2022.09.29"]
[EventType "tourn"]
[EventCountry "NET"]
[SourceTitle "playchess.com"]
[Source "ChessBase"]
[SourceQuality "1"]
[TimeControl "900+10"]

1. d4 d5 2. c4 e6 3. Nc3 c6 4. cxd5 exd5 5. Qc2 Bd6 6. Nf3 Ne7 7. Bg5 O-O 8. e3 {[%emt 0:00:03] D31: Queen's Gambit Declined: Semi-Slav without ...Nf6 (+ Marshall Gambit and Noteboom) and Exchange Variation lines without ...Nf6.} h6 9. Bh4 Bf5 {[%emt 0:00:36] [#]} 10. Qxf5 $146 ({Predecessor:} 10. Bd3 Qd7 11. O-O Bxd3 12. Qxd3 Nf5 13. Bg3 Bxg3 14. hxg3 Nd6 15. b4 Qe6 16. b5 {1-0 (50) Chirila,I (2576)-Lee,Q (2297) Batumi 2018}) 10... Nxf5 11. Bxd8 Rxd8 12. Bd3 Ne7 13. g4 c5 14. dxc5 Bxc5 15. Nb5 Nbc6 16. Rc1 Bb6 17. Ke2 a6 18. Nc3 d4 19. exd4 Nxd4+ 20. Nxd4 Bxd4 21. Be4 Rab8 22. Rhd1 b5 23. h3 Rd6 24. Rd3 Rbd8 25. Rcd1 b4 26. Na4 Ng6 27. Bxg6 fxg6 28. f4 a5 29. Kf3 g5 30. f5 g6 31. fxg6 Kg7 32. b3 Kxg6 33. Kg2 Kf6 34. Nb2 Rd5 (34... Bc5 $11 {keeps the balance.}) 35. Nc4 $16 Ke6 36. R1d2 (36. Re1+ $16 Kf7 37. Rf1+ Ke8 38. Rdf3) 36... R8d7 (36... Bc5 $11 {remains equal.} 37. Rxd5 Rxd5) 37. Rf3 {[%emt 0:02:21] [#] Re2+ is the strong threat.} Rd8 (37... Ke7 $16) 38. Re2+ $18 Kd7 39. Rf7+ Kc8 40. Ree7 (40. Rh7 $18) 40... Kb8 $16 41. Rf5 {[%emt 0:00:16] White is more active.} (41. Kf3 $16) 41... a4 (41... Rxf5 $11 42. gxf5 Rd5) 42. Re6 (42. Rff7 $16) 42... axb3 (42... Rxf5 $11 43. gxf5 axb3 44. axb3 Rf8) 43. axb3 (43. Rxd5 $14 Rxd5 44. axb3) 43... Rxf5 $11 {[%emt 0:00:09] The position is equal.} 44. gxf5 {[%emt 0:00:00][%mdl 4096] Endgame KRB-KRN} Rf8 45. Nd6 Bc5 46. Re8+ Rxe8 47. Nxe8 {[%emt 0:00:00] KB-KN} Kc8 48. Kf3 {[%emt 0:00:01] [#] Strongly threatening Nf6.} Bd4 {[%emt 0:00:40] Inhibits Nf6.} 49. Nd6+ Kd7 50. Ne4 {[%emt 0:00:06] aiming for Kg4.} Ke7 51. Kg4 {[%emt 0:00:01] Black must now prevent Kh5.} Kf7 52. Nd6+ Ke7 53. Ne4 {[%emt 0:00:53] Threatens to win with Kh5.} Kf7 54. Kh5 Kg7 55. Nd6 Be5 56. Nc4 Bf4 57. Nb6 Kf6 58. Nd5+ Kxf5 {[%emt 0:00:02] And now ...Bd2 would win.} 59. Nxb4 (59. Kxh6 g4+ 60. Nxf4 Kxf4 61. hxg4 Kxg4 62. Kg7 Kf5 63. Kh7 Ke4 64. Kg6 Kd3 65. Kf5 Kc3 66. Ke4 Kxb3 67. Kd3 Ka2 68. Ke3 b3 69. Kf4 b2 70. Kg4 b1=Q 71. Kg5 Kb3 72. Kg4 Qe4+ 73. Kg5 Kc3 74. Kf6 Kd4 75. Kf7 Qf5+ 76. Kg8 Qd7 77. Kf8 Ke5 78. Kg8 Kf6 79. Kh8 Qg7#) 59... Bd2 60. Nc6 Kf4 61. Kxh6 Kg3 {[%emt 0:00:04] ( -> ...g4+)} 62. Kh5 {[%emt 0:00:01] Prevents g4.} Kxh3 63. Ne5 Kg3 64. Ng4 Kf3 65. Nh6 Ke4 66. Kg4 Kd4 67. Nf7 Kc3 68. Nxg5 Bxg5 69. Kxg5 Kxb3 {[%emt 0:00:01] Weighted Error Value: White=0.13 (very precise) /Black=0.14 (very precise)} 1/2-1/2

[Event "MPL-4 Indian Chess Tour 2022"]
[Site "Chess24"]
[Date "2022.09.27"]
[Round "2.3"]
[White "Ganguly, Surya Shekhar"]
[Black "Vaibhav, Suri"]
[Result "1-0"]
[ECO "D32"]
[WhiteElo "2589"]
[BlackElo "2600"]
[Annotator "TA"]
[PlyCount "83"]
[EventDate "2022.09.29"]
[EventType "tourn (rapid)"]
[EventCountry "NET"]
[SourceTitle "playchess.com"]
[Source "ChessBase"]
[SourceQuality "1"]
[WhiteTeam "India"]
[BlackTeam "India"]
[WhiteTeamCountry "IND"]
[BlackTeamCountry "IND"]
[TimeControl "900+10"]

1. Nf3 d5 2. e3 e6 3. c4 c5 4. d4 Nf6 5. Nc3 Nc6 6. cxd5 exd5 7. dxc5 Bxc5 8. Bb5 O-O {[%emt 0:00:08] D32: Tarrasch Defence: Sidelines and lines without g3.} 9. O-O Bg4 (9... a6 $5 10. Bd3 Bg4 $11) 10. h3 Bh5 {[%emt 0:00:01] The position is equal.} 11. Be2 Rc8 12. b3 {[%emt 0:02:00] [#]} d4 $146 ({Predecessor:} 12... Bxf3 13. Bxf3 d4 14. Na4 b6 15. Nxc5 bxc5 16. exd4 Nxd4 17. Bb2 Qb6 18. Rc1 Rfd8 {0-1 (49) Garcia,J-Vera,I Bento Goncalves 2000}) 13. Na4 Bd6 (13... Bb4 $5 ) 14. Nxd4 Nxd4 15. exd4 Bg6 16. Bg5 Bb8 17. Nc5 b6 18. Na6 Bc2 (18... Bd6 $11) 19. Qc1 (19. Qe1 $14 {might be stronger.}) 19... Re8 20. Bc4 Bd3 21. Rd1 Be2 {[%emt 0:00:24] Strongly threatening ...b5.} 22. Re1 b5 23. Qb2 bxc4 24. Rxe2 c3 $1 25. Rxe8+ Nxe8 {[%emt 0:00:29] [#]} (25... Qxe8 $11 26. Qa3 h6) 26. Qc1 $1 $16 (26. Qxc3 f6 27. Bxf6 Nxf6 $17) 26... Qxd4 {[%emt 0:00:01] Threatens to win with ...Bd6.} 27. Nxb8 Rxb8 28. Qe3 ({Resist} 28. Be3 Qd3 $14) 28... Qd5 {[%emt 0:01:09] [#]} 29. Re1 (29. Rc1 $1 $16) 29... h6 (29... h5 $1 $11) 30. Bxh6 ({Not} 30. Qxa7 Ra8 31. Qe3 hxg5 $17) (30. Qg3 $1 $14 Rc8 31. Bxh6) 30... Rc8 (30... c2 $1 $11) 31. Bf4 (31. Qg3 $14 Kf8 32. Qg4 (32. Rxe8+ $2 Kxe8 33. Qxg7 c2 $19)) 31... c2 $11 32. Qd2 {[%emt 0:00:33] Inhibits Qd1.} (32. Rc1 $11 {keeps the balance.}) 32... Qf5 (32... Qxd2 $17 33. Bxd2 Rd8) 33. g4 Qc5 34. Qd3 Nf6 35. Bc1 Qa5 36. Kf1 Qxa2 37. g5 Ne8 (37... Nh7 $1 $11 {remains equal.}) 38. g6 $16 fxg6 39. Qxg6 $40 {[%emt 0:00:17][%mdl 128] White wants to mate with Qe6+. White has strong attack.} Nf6 $2 (39... Nc7 $16) 40. Re7 {[%emt 0:00:08][%csl Ge7][%cal Rg6g7] White mates.} Nh5 41. Qe6+ Kh7 42. Qf5+ {[%emt 0:00:01] Weighted Error Value: White=0.14 (very precise) /Black=0.29 (precise)} 1-0

[Event "MPL-4 Indian Chess Tour 2022"]
[Site "Chess24"]
[Date "2022.09.27"]
[Round "2.4"]
[White "Mendonca, Leon Luke"]
[Black "Mitrabha, Guha"]
[Result "1-0"]
[ECO "A34"]
[WhiteElo "2558"]
[BlackElo "2471"]
[Annotator "TA"]
[PlyCount "65"]
[EventDate "2022.09.29"]
[EventType "tourn"]
[EventCountry "NET"]
[SourceTitle "playchess.com"]
[Source "ChessBase"]
[SourceQuality "1"]
[TimeControl "900+10"]

1. Nf3 Nf6 2. c4 c5 3. Nc3 Nc6 4. e3 e5 5. d4 e4 6. Ne5 {[%emt 0:00:43] A34: Symmetrical English: 2 Nc3, lines with ...d5.} Bd6 7. Ng4 Nxg4 8. Qxg4 {[%emt 0:00:03] White has an edge.} O-O 9. dxc5 (9. Qxe4 cxd4 10. Bd3 (10. exd4 $2 Re8 $19) 10... g6 $15) (9. Nxe4 $2 f5 10. Qf3 fxe4 11. Qxe4 Qe7 $19) 9... f5 10. Qd1 {[%emt 0:00:04] [#]} Be7 $146 ({Predecessor:} 10... Be5 11. Bd2 Qe7 12. Nd5 Qxc5 13. b4 Qd6 14. b5 Bxa1 15. Qxa1 Rd8 16. bxc6 dxc6 {1-0 (35) Meier,G (2628)-Perunovic,M (2564) chess24.com INT 2019}) 11. a3 Qa5 (11... d6 $1 $11) 12. Be2 $16 Qxc5 13. b4 Qe5 14. Bb2 f4 (14... d6 $16 {might work better.}) 15. exf4 $18 Qxf4 16. O-O e3 (16... Bd6 $2 17. Qd5+ Kh8 18. g3) 17. Nd5 exf2+ 18. Kh1 {[%emt 0:00:01] Really sharp!} Qh6 19. Nxe7+ Nxe7 20. Bf3 {[%emt 0:00:13] Inhibits d5.} d6 21. Qe2 Be6 22. Rxf2 Nf5 {[%emt 0:01:41] [#]} (22... Nc6 $142) 23. Kg1 $1 $16 {[%emt 0:00:55] Threatens to win with Raf1.} Rae8 24. Bxb7 {[%emt 0:01:20] Strongly threatening Bc6. This bishop pair is nice.} Kh8 $2 {[%emt 0:01:03][%mdl 8192] This costs Black the game.} (24... Ne3 $16 {is tougher.}) 25. Raf1 $18 Rg8 26. Bc1 Qh4 27. Qe4 (27. Rf4 $18 Qd8 28. Qf2) 27... Qd8 (27... Qxe4 $16 28. Bxe4 Ne3) 28. Bd5 (28. Rxf5 Bxf5 29. Qd4 (29. Qxf5 Rgf8 $11) 29... Qc7 $11) 28... Bxd5 29. Qxd5 Re5 {[%emt 0:00:01] [#]} (29... Ne7 30. Qd3 Ng6) 30. Qd3 {[%emt 0:00:03] White is clearly winning.} ({Worse is} 30. Rxf5 Rxd5 31. Rxd5 Qb6+ 32. c5 dxc5 33. bxc5 Qb3 $15) 30... Qb6 (30... Nh4 $142 31. Bf4 Re6) 31. Bb2 Ree8 32. Qxf5 Rgf8 33. c5 {[%emt 0:00:11] Weighted Error Value: White=0.18 (very precise) /Black=0.51} 1-0

[Event "MPL-4 Indian Chess Tour 2022"]
[Site "Chess24"]
[Date "2022.09.27"]
[Round "2.5"]
[White "Mohammad Nubairshah Shaikh"]
[Black "Sethuraman, S.P."]
[Result "0-1"]
[ECO "E35"]
[WhiteElo "2461"]
[BlackElo "2638"]
[Annotator "TA"]
[PlyCount "106"]
[EventDate "2022.09.29"]
[EventType "tourn (rapid)"]
[EventCountry "NET"]
[SourceTitle "playchess.com"]
[Source "ChessBase"]
[SourceQuality "1"]
[WhiteTeam "India"]
[BlackTeam "India"]
[WhiteTeamCountry "IND"]
[BlackTeamCountry "IND"]
[TimeControl "900+10"]

1. d4 Nf6 2. c4 e6 3. Nc3 d5 4. cxd5 exd5 5. Bg5 Bb4 6. Qc2 h6 7. Bh4 {[%emt 0:00:02] 7.Bh4 scores better than 7.Bxf6.} Nc6 {[%emt 0:00:46] E35: Nimzo-Indian: Classical: 4...d5 5 cxd5 exd5.} 8. e3 g5 9. Bg3 h5 {[%emt 0:00:06] The position is equal.} 10. Bb5 h4 11. Be5 O-O 12. Bxc6 bxc6 13. h3 Ne4 14. Nge2 Bf5 {[%emt 0:00:47] Strongly threatening ...f6.} 15. Qc1 f6 16. Bh2 Nxc3 17. bxc3 Bd6 $36 {[%emt 0:00:02][%mdl 2048] White is under pressure. A strong pair of Bishops.} 18. O-O Rb8 {[%emt 0:00:02] [#]} 19. Rd1 $146 ({Predecessor:} 19. Qd2 Bxh2+ 20. Kxh2 Qd6+ 21. Kg1 Qa3 22. Nc1 Rb2 23. Qd1 Qxc3 24. Nb3 Qc2 25. Qxc2 Rxc2 {0-1 (44) Schlecht,D (2363)-Heimann,A (2522) Deizisau 2014}) 19... Rb7 20. c4 Bxh2+ 21. Kxh2 Qd6+ 22. Kg1 Rfb8 23. cxd5 (23. Nc3 $11) 23... cxd5 {[%emt 0:00:02] Black is more active.} (23... Rb2 $1 $15 24. Re1 (24. Rd2 $2 Rb1 $19) 24... cxd5) 24. Qc5 Qxc5 25. dxc5 c6 (25... Rb2 $5 26. Nd4 Be4 $11) 26. Nd4 Bd7 27. Rd3 Rb2 28. Ra3 R8b7 29. Rd1 Kf7 30. Ra6 Rc7 31. Kf1 Ke8 32. Rd3 (32. Rc1 $11) 32... Rb1+ $17 33. Ke2 Rc1 34. Nb3 {[%emt 0:00:08] [#]} ({White should try} 34. Rda3 $15) 34... Rg1 $1 35. Rd1 Rxg2 36. Rh1 {[%emt 0:00:02] And now Kf1 would win.} ({Avoid the trap} 36. Nd4 $2 Rb7 37. Kd3 Rxf2 $19) 36... g4 37. hxg4 Bxg4+ 38. Kf1 h3 39. Ra4 Rb7 {[%emt 0:00:52] Prevents Rb4.} 40. Rf4 $2 {[%emt 0:00:39] Loses the game.} (40. Rxg4 $17 Rxg4 41. Rxh3) 40... Kf7 {[%emt 0:00:18] ...Kg6 is the strong threat.} 41. Rg1 $2 {[%emt 0:00:15] [#]} (41. Rxg4 Rxg4 42. Rxh3) 41... Be2+ $1 $19 {[%emt 0:01:13][%mdl 512] Black is clearly winning.} 42. Kxe2 Rxg1 {[%emt 0:00:01][%mdl 4096] Endgame KRR-KRN} 43. Rh4 a5 {[%emt 0:00:10][%cal Ba7a5,Ba5a4,Ba4a3,Ba3a2][%mdl 32] Threatens to win with ...a4!} 44. Rh7+ Kg6 45. Rxh3 a4 46. Nd4 Rb2+ 47. Kf3 Rxa2 48. Nxc6 a3 49. Ne7+ Kf7 50. Rh7+ Rg7 51. Rxg7+ Kxg7 52. Nxd5 Rc2 53. Nf4 a2 {[%emt 0:00:04] Weighted Error Value: White=0.63/Black=0.06 (flawless)} 0-1

[Event "MPL-4 Indian Chess Tour 2022"]
[Site "Chess24"]
[Date "2022.09.27"]
[Round "2.6"]
[White "Narayanan.S.L"]
[Black "Aditya Mittal"]
[Result "0-1"]
[ECO "B23"]
[WhiteElo "2657"]
[BlackElo "2485"]
[Annotator "TA"]
[PlyCount "88"]
[EventDate "2022.09.29"]
[EventType "tourn"]
[EventCountry "NET"]
[SourceTitle "playchess.com"]
[Source "ChessBase"]
[SourceQuality "1"]
[TimeControl "900+10"]

1. e4 c5 2. Nc3 d6 3. f4 g6 4. Nf3 Bg7 5. Bc4 Nc6 6. O-O e6 7. d3 Nge7 8. Qe1 O-O 9. Bb3 {[%emt 0:00:07] Recently 9.Qh4 got a lot of attention.} (9. Qh4 {is interesting.} a6 10. Bb3 Na5 11. f5) 9... Na5 {[%emt 0:01:05] B23: Closed Sicilian: Lines without g3.} 10. Kh1 (10. e5 $5 ) 10... Nxb3 11. axb3 Nc6 {[%emt 0:00:03] Black has an edge.} 12. Be3 b6 {[%emt 0:00:24] [#]} 13. Qf2 $146 ({Predecessor:} 13. Rd1 Bb7 14. Rd2 Qe7 15. Bf2 Bh6 16. Bh4 f6 17. Bg3 Nd4 18. Rdf2 Nxf3 19. Rxf3 {1-0 (38) Roca,P (2365)-Sanchez,J Greenhills 1997}) 13... f5 14. Rad1 fxe4 15. dxe4 Ba6 16. Rfe1 Qe7 17. Qg3 Nb4 18. Rd2 Bb7 19. f5 gxf5 20. Bg5 Qf7 (20... Qe8 $11) 21. Qxd6 $2 (21. Nb5 $14 {stays ahead.} fxe4 22. Nxd6) 21... fxe4 $1 $19 22. Nxe4 Qg6 $1 23. Nf6+ (23. Ne5 Qxe4 24. Qxe6+ Kh8 $19) 23... Bxf6 {[%emt 0:01:17] This bishop pair is nice.} 24. Rxe6 Rad8 (24... Bxf3 $142 25. gxf3 Qxg5) 25. Qxd8 Rxd8 {[%emt 0:00:08] Chess con chili.} ({Inferior is} 25... Bxd8 26. Rxg6+ hxg6 27. Bxd8 $11) 26. Rxd8+ Bxd8 27. Rxg6+ hxg6 28. Bxd8 Bxf3 ({Not} 28... Nxc2 29. Ne5 $15) 29. gxf3 Nxc2 {[%emt 0:00:01][%mdl 4096] Endgame KB-KN} 30. Bc7 Nd4 31. Bb8 Nc6 ({Worse is} 31... Nxb3 32. Bxa7 b5 33. Kg2 $15) 32. Bf4 {[%emt 0:00:02] [#]} Kf7 $1 33. Kg2 {[%emt 0:00:03] [#]} Ke6 $1 34. Kg3 Kf5 (34... Nd4 $19 {is more deadly.} 35. Kg4 Nxb3) 35. h4 (35. Bd6 $17 {might work better.}) 35... Nd4 {[%emt 0:00:54] Hoping for ...Ne2+.} 36. Bb8 a5 (36... Nxb3 $17 {Threatens to win with ...a5.} 37. Bxa7 b5) 37. Ba7 $11 Nxb3 38. Bxb6 a4 {[%emt 0:00:05][%cal Ba5a4,Ba4a3,Ba3a2][%mdl 32] And now ...c4 would win.} 39. Bd8 Ke6 {[%emt 0:00:59] Strongly threatening ...c4.} 40. Kf4 c4 {[%emt 0:00:12][%cal Bc5c4,Bc4c3,Bc3b2][%mdl 32] ( -> ...c3!)} 41. Ke4 $2 (41. Kg5 $15) 41... c3 $1 {[%emt 0:00:18] Black mates.} 42. Kd3 cxb2 43. Kc2 {[%emt 0:00:00] [#]} a3 $1 44. Bg5 (44. h5 Nd2) 44... a2 {[%emt 0:00:03] Weighted Error Value: White=0.46/Black=0.23 (precise)} 0-1

[Event "MPL-4 Indian Chess Tour 2022"]
[Site "Chess24"]
[Date "2022.09.27"]
[Round "2.7"]
[White "Adhiban, B.."]
[Black "Puranik, Abhimanyu"]
[Result "1/2-1/2"]
[ECO "D32"]
[WhiteElo "2603"]
[BlackElo "2603"]
[Annotator "TA"]
[PlyCount "97"]
[EventDate "2022.09.29"]
[EventType "tourn (rapid)"]
[EventCountry "NET"]
[SourceTitle "playchess.com"]
[Source "ChessBase"]
[SourceQuality "1"]
[WhiteTeam "India"]
[BlackTeam "India"]
[WhiteTeamCountry "IND"]
[BlackTeamCountry "IND"]
[TimeControl "900+10"]

1. Nf3 Nf6 2. c4 c5 3. Nc3 e6 4. e3 d5 5. cxd5 exd5 6. d4 Nc6 7. Bb5 Bd6 8. O-O O-O 9. dxc5 Bxc5 10. b3 a6 11. Bxc6 bxc6 12. Bb2 Bg4 13. Rc1 {[%emt 0:00:06][%cal Oc3d5] With the idea Nxd5! 13.Ne2 is the modern continuation. D32: Tarrasch Defence: Sidelines and lines without g3.} Bd6 14. h3 Bh5 15. Ne2 {[%emt 0:00:04] White has an edge.} Rc8 {[%emt 0:01:43] [#]} 16. Nf4 $146 ({Predecessor:} 16. Qd3 Ne4 17. Nfd4 Qd7 18. f3 Nc5 19. Qd2 Bg6 20. Nf4 Bxf4 21. Rxc5 Bd6 22. Rcc1 {½-½ (52) Roiz,M (2605)-Oganian,M (2423) St Petersburg 2018}) 16... Bxf4 17. exf4 {[%emt 0:00:00] Black must now prevent g4.} Bxf3 18. Qxf3 Re8 19. Rfe1 {[%emt 0:00:30] White is more active.} (19. Rfd1 $14) 19... Rxe1+ $1 $11 20. Rxe1 d4 21. b4 Qb6 22. a3 a5 23. Qd3 c5 24. Qf5 Rb8 25. Rc1 $40 {[%emt 0:00:37][%mdl 128] White has some attack.} axb4 {[%emt 0:00:25] ...Re8 is the strong threat.} 26. Qxc5 (26. Rxc5 $11 Rd8 27. axb4) 26... Qxc5 $17 27. Rxc5 bxa3 (27... d3 $17 28. Bxf6 d2) 28. Bxa3 $11 {[%emt 0:00:53][%mdl 4096] Endgame KRB-KRN} h5 29. Rc4 d3 {[%emt 0:00:48] [#] Strongly threatening ...d2.} 30. Bb4 Ra8 31. Rd4 Ra1+ 32. Kh2 Rd1 (32... Ra2 $11) 33. Kg3 $16 Kh7 34. Kf3 Kg6 35. g4 hxg4+ 36. hxg4 Rg1 {[%emt 0:00:53] [#]} 37. g5 ({Much weaker is} 37. Rxd3 $6 Rxg4 38. Ra3 Rh4 $11) (37. Rd6 $1 $16 {Threatens to win with g5.} Kh7 38. g5 (38. Rxd3 Nxg4 39. Rd6 Nf6 $11)) 37... Nh5 (37... Nh7 $14) 38. Rxd3 f6 39. Be7 (39. Bd2 $16) 39... Ra1 40. gxf6 gxf6 {[%emt 0:00:03] The position is equal.} 41. Bc5 Ra4 42. Be3 Ng7 43. Rd6 Nf5 44. Rb6 Ra3 45. Ke4 Ra4+ 46. Kd5 Ra3 47. Ke4 Ra4+ 48. Kd5 Ne7+ 49. Kc5 {[%emt 0:00:25] Weighted Error Value: White=0.16 (very precise) /Black=0.12 (very precise)} 1/2-1/2

[Event "MPL-4 Indian Chess Tour 2022"]
[Site "Chess24"]
[Date "2022.09.27"]
[Round "2.8"]
[White "Karthikeyan, Murali"]
[Black "Pranav, V."]
[Result "1-0"]
[ECO "C84"]
[WhiteElo "2623"]
[BlackElo "2530"]
[Annotator "TA"]
[PlyCount "141"]
[EventDate "2022.09.29"]
[EventType "tourn (rapid)"]
[EventCountry "NET"]
[SourceTitle "playchess.com"]
[Source "ChessBase"]
[SourceQuality "1"]
[WhiteTeam "India"]
[BlackTeam "India"]
[WhiteTeamCountry "IND"]
[BlackTeamCountry "IND"]
[TimeControl "900+10"]

1. e4 e5 2. Nf3 Nc6 3. Bb5 a6 4. Ba4 Nf6 5. O-O b5 6. Bb3 Bb7 7. d3 Be7 8. Nc3 O-O 9. a3 {[%emt 0:00:52] The modern move. C84: Closed Ruy Lopez: Unusual White 6th moves.} Nd4 10. Ba2 Nxf3+ 11. Qxf3 {[%emt 0:00:02] The position is equal.} d6 12. Ne2 $5 {[%emt 0:01:02][%mdl 4] A promising side line.} Bc8 {[%emt 0:00:32] [#]} 13. h3 $146 ({Predecessor:} 13. Ng3 Be6 14. Nf5 Qd7 15. Bg5 Bxf5 16. exf5 c6 17. Rfe1 Rae8 18. g4 e4 19. Qg2 exd3 20. cxd3 {1-0 (38) Fier,A (2576)-Praggnanandhaa,R (2529) Apeldoorn 2018}) 13... Be6 14. Ng3 g6 15. Bh6 Re8 16. Bxe6 fxe6 17. Qe3 Kh8 (17... Nd7 {with more complications.} 18. a4 b4 19. f4 exf4 20. Qxf4 Bf6) 18. Qd2 Ng8 19. Be3 Rf8 20. c3 Bf6 21. a4 {[%emt 0:01:39] White is more active.} Qd7 22. d4 bxa4 23. dxe5 Bxe5 24. Bd4 {[%emt 0:00:02] Strongly threatening Bxe5+.} Qb5 25. Bxe5+ dxe5 26. Qc2 Rab8 (26... Qb3 $14 27. Qxb3 axb3) 27. Rxa4 a5 28. Rfa1 (28. Rb1 $16) 28... Qxb2 $11 29. Qxb2 Rxb2 30. f3 Rd8 31. Nf1 {[%emt 0:00:04] Against Rdd2} (31. Rxa5 $2 Rdd2 32. Kh1 Rxg2 $19) 31... Rd3 (31... Nf6 $11) 32. Rc4 $14 Rd7 33. Rc5 a4 34. Rxe5 Nf6 35. Ra5 Rd3 36. Rc5 Kg7 (36... Nh5 $1 $11 {keeps the balance.} 37. Rxc7 (37. Rxa4 Nf4 $11) 37... Rd8) 37. Rxc7+ $16 Kh6 (37... Rd7 $16 38. Rxd7+ Nxd7) 38. Rf7 $36 {[%emt 0:01:12][%mdl 2048] White is in control.} (38. Rxa4 $6 Rd1 $14) 38... Nd7 39. Rxa4 {[%emt 0:00:07] Threatens to win with Ra7.} Ne5 40. Rfa7 (40. Rc7 $18) 40... Rxc3 $14 41. Ra2 Rb1 42. Ra1 Rb2 43. R7a2 Rcc2 {[%emt 0:00:05] ( -> ...Rxg2+)} 44. Rxb2 Rxb2 $16 {[%emt 0:00:00][%mdl 4096] Endgame KRN-KRN} 45. Ne3 Re2 (45... Kg5 $16) 46. Ra3 (46. Ng4+ $1 $18 {is more deadly.} Nxg4 47. hxg4) 46... Kg5 47. Kf1 (47. Ng4 $1 $16 Nxg4 48. hxg4) 47... Rb2 $1 $11 48. Nd1 Rd2 49. Nc3 Rd3 50. Ra5 Kf4 {[%emt 0:00:08] [#]} (50... Rxc3 $11 51. Rxe5+ Kf4 52. Rxe6 Rc1+ 53. Ke2 Rc2+ 54. Kd3 Rxg2) 51. Kf2 $1 $14 Rxc3 {[%emt 0:00:10] KRN-KR} 52. g3+ Kg5 53. Rxe5+ {[%emt 0:00:01] KR-KR} Kf6 54. Ra5 g5 55. Ra7 ({Better is} 55. g4 $16) 55... h6 (55... Rc2+ $11 56. Kg1 h5) 56. Ra2 Rb3 57. h4 gxh4 58. gxh4 Rb6 (58... Rb1 $142) 59. Kg3 ({White should try} 59. Ra5) 59... Rb3 (59... Rb5 $142 60. Ra6 Rc5) 60. Kg4 (60. Ra5 $142 $1) 60... Re3 $2 {[%emt 0:00:09] [#]} (60... h5+ $16 {was worth a try.} 61. Kg3 (61. Kxh5 Rxf3 62. Rg2 Re3 $16) 61... e5 62. Ra6+ Kg7) 61. Ra7 (61. Ra8 $1 $18) 61... h5+ $2 {[%emt 0:00:11][%mdl 8192] [#] Black cannot hold the game after this.} (61... Re1 $16 62. Rh7 Kg6) 62. Kf4 $1 $18 Rb3 63. Ra5 e5+ 64. Rxe5 Rxf3+ 65. Kxf3 {[%emt 0:00:00] White mates.} Kxe5 {[%emt 0:00:00] KPP-KP} 66. Ke3 Ke6 67. Kf4 Kf6 68. e5+ Ke6 69. Ke4 Ke7 70. Kf5 Kf7 71. Kg5 {[%emt 0:00:01] Weighted Error Value: White=0.21 (precise) /Black=0.24 (precise)} 1-0